 Dungeon Crawl Stone Soup version 0.26-a0-812-g31a745ddcd (webtiles) character file.

Game seed: 14479122297972051555

2023 kae the Transmogrifier (level 9, -2/42 HPs)
             Began as a Tengu Transmuter on Nov 18, 2020.
             Was an Initiate of Hepliaklqana.
             Slain by a troll (5 damage)
             ... on level 6 of the Dungeon.
             The game lasted 00:08:39 (8530 turns).

kae the Transmogrifier (Tengu Transmuter)           Turns: 8530, Time: 00:08:40

Health: -2/42      AC:  2    Str: 13    XL:     9   Next: 23%
Magic:  12/13      EV: 15    Int: 14    God:    Hepliaklqana [......]
Gold:   560        SH:  0    Dex: 15    Spells: 8/12 levels left

rFire    + . .     SeeInvis .     - Unarmed
rCold    . . .     Faith    .   (no shield)
rNeg     . . .     Spirit   .   a - +0 robe
rPois    .         Reflect  .   (helmet restricted)
rElec    .         Harm     .   r - scarf {repulsion}
rCorr    .         Rampage  .   (no gloves)
MR       .....     Rnd*Tele +   (boots unavailable)
Stlth    +.........             (no amulet)
HPRegen  0.14/turn              k - ring of teleportation (curse)
MPRegen  0.13/turn              n - ring of protection from fire

@: flying quickly and evasively, lightly drained, repel missiles, quick
A: reduced essence, beak, talons 3, able to fly
a: Stop Flying, Recall Ancestor, Ancestor Identity, Renounce Religion


You were on level 6 of the Dungeon.
You worshipped Hepliaklqana.
Hepliaklqana was noncommittal.
You visited 2 branches of the dungeon, and saw 7 of its levels.
You also visited: Sewer and Ossuary.

You collected 560 gold pieces.

Inventory:

Armour
 a - a +0 robe (worn)
 g - a +2 cloak
 r - a scarf of repulsion (worn)
Jewellery
 k - a cursed ring of teleportation (left hand)
 n - a ring of protection from fire (right hand)
Wands
 w - a wand of polymorph (9)
Scrolls
 c - a scroll of enchant weapon
 d - 2 scrolls of teleportation
 i - a scroll of blinking
 l - 3 scrolls of identify
 p - 2 scrolls of enchant armour {unknown}
 q - 2 scrolls of remove curse {unknown}
 s - a scroll of fog
 u - a scroll of noise {unknown}
Potions
 b - 2 potions of haste
 e - a potion of ambrosia
 f - 2 potions of brilliance
 h - a potion of curing
 j - 2 potions of flight {unknown}
 m - a potion of lignification
 o - a potion of magic {unknown}
 t - a potion of mutation {unknown}
 v - a potion of invisibility {unknown}
 x - a potion of might {unknown}


   Skills:
 + Level 1.2(0.8) Fighting
 + Level 2.3(1.9) Dodging
 - Level 8.0(7.5) Unarmed Combat
 + Level 2.1(1.7) Spellcasting
 - Level 8.0(7.5) Transmutations
 - Level 2.5(2.1) Poison Magic


You had 8 spell levels left.
You knew the following spells:

 Your Spells              Type           Power        Failure   Level
a - Beastly Appendage     Tmut           ###...       1%          1
b - Spider Form           Tmut/Pois      ##........   10%         3

Your spell library contained the following spells:

 Spells                   Type           Power        Failure   Level
 Wereblood                Tmut           ###.....     1%          2
 Blade Hands              Tmut           ###.......   30%         5
 Ice Form                 Ice/Tmut       ##......     45%         4


Dungeon Overview and Level Annotations

Branches:
Dungeon (6/15)             Temple (1/1) D:5           Sewer (visited)
Ossuary (visited)

Altars:
Cheibriados
Dithmenos
Elyvilon
Fedhas
Gozag
Hepliaklqana
Kikubaaqudgha
Makhleb
Qazlal
Ru
Sif Muna
Trog
Uskayaw
Vehumet
Wu Jian
Xom
Yredelemnul
Zin
The Shining One

Annotations:
D:6 3 runed translucent doors, PanSaczeczos's ghost, novice PaGl


Innate Abilities, Weirdness & Mutations

You have a beak for a mouth.
You have claws for feet.
You can fly continuously.
Your life essence is reduced to manifest your ancestor. (-10% HP)


Message History

You hit the ufetubus.
The ufetubus is poisoned.
The ufetubus is severely wounded.
The ufetubus hits you but does no damage.
The ufetubus closely misses you.
The bullfrog snags a nearby millipede with its tongue.
You kill the ufetubus!
You hit the bullfrog.
The bullfrog is lightly wounded.
The bullfrog hits you!
* * * LOW HITPOINT WARNING * * *
The bullfrog misses you.
You feel better.
Your transformation has ended.
Your scarf of repulsion unmelds from your body.
Your +0 robe unmelds from your body.
You are surrounded by a repulsion field.
The bullfrog hits you!
* * * LOW HITPOINT WARNING * * *
The troll bites you.
You die...

#.....# #.....# #.....#
. #.....# ########.. .
#.....####+#......... #.
#....................
#..#....................
(..'........o..F........
Z..#.........Z.T@.......
#. #....................
# #....................
#.....#############..
#.....# . #.....#
#.....# #.....# +.....#


You could see a troll (very poisoned), a bullfrog, an orc and a leopard gecko
zombie.

Vanquished Creatures
  Sigmund (D:4)
  Duvessa (D:5)
  2 ice beasts (D:5)
  An elf zombie (Ossuary)
  5 big kobolds
  Dowan (D:5)
  2 howler monkeys
  6 wights
  2 centaur zombies (Ossuary)
  A gnoll shaman (D:4)
  A worker ant (D:4)
  An iguana (D:4)
  2 big kobold zombies (Ossuary)
  A hound zombie (Ossuary)
  A hound skeleton (D:5)
  2 mummies (Ossuary)
  17 gnolls
  A river rat (D:4)
  12 adders
  A shadow imp (D:6)
  A white imp (D:6)
  An ufetubus (D:6)
  5 oozes
  An adder zombie (Ossuary)
  An adder skeleton (D:4)
  3 worms
  3 dart slugs
  3 leopard geckos
  An orc (D:3)
  4 giant cockroaches
  2 gnoll zombies (Ossuary)
  31 goblins
  20 hobgoblins
  2 jackals (Sewer)
  12 kobolds
  4 quokkas
  2 ball pythons
  8 bats
  A frilled lizard (D:3)
  4 goblin zombies (Ossuary)
  4 hobgoblin zombies (Ossuary)
  5 jackal zombies (Ossuary)
  4 kobold zombies (Ossuary)
  2 orc zombies (Ossuary)
  3 quokka zombies (Ossuary)
  15 rats
  4 rat zombies (Ossuary)
207 creatures vanquished.

Vanquished Creatures (collateral kills)
  A wight (D:6)
1 creature vanquished.

Vanquished Creatures (others)
  2 ancestors (D:6)
  4 fungi
  5 plants
  4 toadstools (D:1)
  2 withered plants (D:5)
17 creatures vanquished.

Grand Total: 225 creatures vanquished

Notes
Turn   | Place    | Note
-------+----------+-------------------------------------------
     0 | D:1      | kae the Tengu Transmuter began the quest for the Orb.
     0 | D:1      | Reached XP level 1. HP: 12/12 MP: 4/4
   329 | D:1      | Reached XP level 2. HP: 16/16 MP: 4/6
   714 | D:1      | Reached XP level 3. HP: 20/20 MP: 5/7
   719 | D:1      | Learned a level 3 spell: Spider Form
  1502 | D:2      | Reached skill level 1 in Poison Magic
  1763 | D:2      | Reached XP level 4. HP: 25/25 MP: 6/8
  2687 | D:3      | Gained mutation: You can fly continuously. [Tengu growth]
  2687 | D:3      | Reached XP level 5. HP: 21/29 MP: 7/9
  3207 | D:3      | Found a blossoming altar of Fedhas.
  3707 | D:4      | Noticed Sigmund
  3719 | D:4      | Killed Sigmund
  3719 | D:4      | Reached XP level 6. HP: 25/34 MP: 8/10
  3744 | D:4      | Found a sand-covered staircase.
  3752 | Ossuary  | Entered an ossuary
  3822 | Ossuary  | Reached skill level 5 in Unarmed Combat
  3874 | Ossuary  | Reached XP level 7. HP: 14/38 MP: 11/11
  3992 | Ossuary  | Reached skill level 5 in Transmutations
  4306 | D:4      | Found a glowing drain.
  4326 | Sewer    | Entered a sewer
  4587 | Sewer    | Found a white marble altar of Elyvilon.
  5506 | D:4      | Reached XP level 8. HP: 43/43 MP: 8/12
  6216 | D:4      | HP: 2/43 [gnoll/+0 spear (6)]
  6501 | D:5      | Entered Level 5 of the Dungeon
  6628 | D:5      | Found an ancient bone altar of Kikubaaqudgha.
  6662 | D:5      | Noticed Dowan
  7021 | D:5      | Found a staircase to the Ecumenical Temple.
  7031 | Temple   | Entered the Ecumenical Temple
  7167 | Temple   | Became a worshipper of Hepliaklqana the Forgotten
  7226 | D:5      | Noticed Duvessa
  7238 | D:5      | Killed Duvessa
  7241 | D:5      | Killed Dowan
  7241 | D:5      | Reached XP level 9. HP: 27/42 MP: 10/13
  7808 | D:6      | Found a runed translucent gate.
  7808 | D:6      | Found a runed translucent gate.
  7808 | D:6      | Found a runed translucent gate.
  7808 | D:6      | Noticed PanSaczeczos's ghost (novice PaGl)
  8015 | D:6      | Identified the cursed +0 dagger of Noebbori {drain, rElec}
  8508 | D:6      | Noticed a troll
  8528 | D:6      | HP: 2/42 [bullfrog (7)]
  8530 | D:6      | Slain by a troll

Illustrated notes

Levels and vault maps discovered:
D:1:      dpeg_arrival_orchard, layout_basic, minmay_gold_behind_fungi,
          minivault_24
D:2:      layout_basic, kennysheep_cross_bottleneck, grunt_ministairs_11
D:3:      layout_loops_ring, fedhas_altar_2, chequers_big_river,
          kennysheep_minor_cross
D:4:      minmay_goblin_kobold_castle, layout_rooms, portal_sewer_entry_b,
          enter_ossuary_2, uniq_sigmund
D:5:      layout_rooms, kiku_gazebo_garden_becter, minmay_temple_entry_grid,
          uniq_duvessa
D:6:      layout_gridville, gammafunk_ghost_nasty_kobolds, minmay_manual_mess,
          uniq_pikel
Temple:   minmay_crystal_spiral_temple

Skill      XL: |  1  2  3  4  5  6  7  8  9 |
---------------+----------------------------+-----
Transmutations | 2 3 4 5 7 8 |  8.0
Poison Magic   | 1 2 |  2.5
Unarmed Combat | 4 5 6 7 8 |  8.0
Fighting       | |  1.2
Dodging        | |  2.3
Spellcasting   | |  2.1

Action                   |  1- 3 |  4- 6 |  7- 9 || total
-------------------------+-------+-------+-------++-------
Melee: Unarmed           |    66 |   180 |   385 ||   631
       Kick              |    16 |    32 |     8 ||    56
       Peck              |    11 |    12 |     9 ||    32
       Headbutt          |     7 |    10 |     4 ||    21
       Punch             |     1 |     3 |     1 ||     5
 Cast: Beastly Appendage |    16 |    20 |    10 ||    46
       Spider Form       |       |     6 |    44 ||    50
Invok: Recall Ancestor   |       |       |     2 ||     2
 Abil: Fly               |       |     1 |       ||     1
Evoke: Wand              |       |       |     2 ||     2
  Use: Scroll            |       |     7 |     3 ||    10
       Potion            |       |     2 |     5 ||     7
 Stab: Sleeping          |       |     2 |       ||     2
Armor: Robe              |    18 |    22 |    17 ||    57
       Skin              |       |     4 |    12 ||    16
Dodge: Dodged            |    32 |   136 |   422 ||   590

Table legend: (Time is in decaauts)
 A = Elapsed time spent in this place.
 B = Non-inter-level travel time spent in this place.
 C = Inter-level travel time spent in this place.
 D = Time resting spent in this place.
 E = Time spent auto-exploring this place.
 F = Levels seen in this place.
 G = Mean time per level.
                   A        B        C        D        E       F      G
               +--------+--------+--------+--------+--------+-----+--------+
         Total |   8203 |   7980 |    223 |    422 |   5737 |   9 |  911.4 |
       Dungeon |   7432 |   7286 |    146 |    422 |   5435 |   6 | 1238.7 |
        Temple |    168 |     91 |     77 |      0 |     88 |   1 |  168.0 |
         Sewer |    283 |    283 |      0 |      0 |    214 |   1 |  283.0 |
       Ossuary |    319 |    319 |      0 |      0 |      0 |   1 |  319.0 |
               +--------+--------+--------+--------+--------+-----+--------+

Top non-repeatable levels by time:
     D:4: 2307 daAuts
     D:2: 1610 daAuts
     D:3: 1020 daAuts
     D:5: 1019 daAuts
     D:1: 962 daAuts
     D:6: 512 daAuts
 Ossuary: 319 daAuts
   Sewer: 283 daAuts
  Temple: 168 daAuts
